 Dungeon Crawl Stone Soup version 0.25-a0-87-ga3d287bc14 (webtiles) character file.

Game seed: 9668389968853199615, levelgen mode: deterministic

9850 Barrydekale the Nimble (level 11, -5/68 HPs)
             Began as a Deep Elf Wizard on Nov 10, 2019.
             Was a Believer of Sif Muna.
             Slain by a black mamba (10 damage)
             ... on level 1 of the Lair of Beasts.
             The game lasted 01:14:17 (16840 turns).

Barrydekale the Nimble (Deep Elf Wizard)           Turns: 16840, Time: 01:14:18

Health: -5/68      AC:  5    Str:  5    XL:     11   Next: 28%
Magic:  20/36      EV: 19    Int: 26    God:    Sif Muna [**....]
Gold:   225        SH:  0    Dex: 13    Spells: 14/30 levels left

rFire    . . .     SeeInvis +   K - +0 dagger (venom)
rCold    . . .     Gourm    .   (no shield)
rNeg     . . .     Faith    .   a - +0 robe
rPois    .         Spirit   .   b - +0 hat
rElec    .         Reflect  .   (no cloak)
rCorr    .         Harm     .   m - +0 pair of gloves
MR       +....                  c - +1 pair of boots
Stlth    +++.......             (no amulet)
HPRegen  0.21/turn              h - ring of magical power
MPRegen  0.25/turn              G - ring of see invisible

@: very slightly contaminated, studying Staves
A: no striking features
a: Channel Magic, Renounce Religion


You were on level 1 of the Lair of Beasts.
You worshipped Sif Muna.
Sif Muna was pleased with you.
You were hungry.

You visited 2 branches of the dungeon, and saw 10 of its levels.

You collected 460 gold pieces.
You spent 235 gold pieces at shops.

Inventory:

Hand Weapons
 q - a +3 short sword
 K - a +0 dagger of venom (weapon)
Missiles
 z - 3 throwing nets (quivered)
 H - 3 silver javelins
Armour
 a - a +0 robe (worn)
 b - a +0 hat (worn)
 c - a +1 pair of boots (worn)
 m - a +0 pair of gloves (worn)
Jewellery
 h - a ring of magical power (left hand)
 G - a ring of see invisible (right hand)
Wands
 y - a wand of clouds (2)
 L - a wand of random effects (10)
 N - a wand of polymorph (8)
Scrolls
 e - 6 scrolls of teleportation
 i - 5 scrolls of remove curse
 k - 2 scrolls of enchant armour
 n - a scroll of enchant weapon {unknown}
 o - a scroll of noise {unknown}
 p - a scroll of immolation {unknown}
 r - 4 scrolls of amnesia
 x - a scroll of magic mapping {unknown}
 E - a scroll of brand weapon {unknown}
 F - a scroll of fog
 J - a scroll of summoning {unknown}
 M - 4 scrolls of identify
Potions
 f - 2 potions of berserk rage
 g - a potion of lignification
 l - 2 potions of invisibility
 s - 2 potions of haste
 t - 4 potions of resistance
 u - a potion of agility {unknown}
 v - 3 potions of degeneration
 w - a potion of magic
 A - 4 potions of curing
 B - 2 potions of brilliance
 D - a potion of mutation {unknown}
 I - 2 potions of flight
Books
 C - a manual of Staves
Comestibles
 d - 15 rations


   Skills:
 - Level 8.0 Fighting
 + Level 2.2 Armour
 - Level 11.2 Dodging
 - Level 6.0 Stealth
 - Level 10.0 Spellcasting
 + Level 9.9 Conjurations
 - Level 3.0 Charms
 - Level 2.2 Summonings
 - Level 3.0 Necromancy
 - Level 1.1 Translocations
 - Level 1.0 Fire Magic
 - Level 1.0 Air Magic
 - Level 1.0 Poison Magic


You had 14 spell levels left.
You knew the following spells:

 Your Spells              Type           Power        Failure   Level  Hunger
a - Magic Dart            Conj           ####         1%          1    None
b - Call Imp              Summ           ###.....     2%          2    None
c - Mephitic Cloud        Conj/Pois/Air  ####....     2%          3    None
d - Conjure Flame         Conj/Fire      #####...     1%          3    None
e - Blink                 Tloc           N/A          4%          2    None
f - Regeneration          Chrm/Necr      ####......   4%          3    None
g - Shroud of Golubria    Chrm/Tloc      ###...       3%          2    None

Your spell library contained the following spells:

 Spells                   Type           Power        Failure   Level  Hunger
 Infusion                 Chrm           ####         1%          1    None
 Song of Slaying          Chrm           ####....     1%          2    None
 Slow                     Hex            ##......     7%          2    None
 Spectral Weapon          Hex/Chrm       ###.....     8%          3    None


Dungeon Overview and Level Annotations

Branches:
Dungeon (9/15)             Temple (0/1) D:6            Lair (1/6) D:8
    Orc: D:9-12

Altars:
Cheibriados
Dithmenos
Gozag
Kikubaaqudgha
Nemelex Xobeh
Qazlal
Ru
Sif Muna
Trog
Uskayaw
Wu Jian
Xom
Zin
The Shining One

Shops:
D:5 }[!?   D:7 %

Annotations:
D:1 1 exclusion
D:3 Ijyb


Message History

Press: ? - help, Dir - move target cursor The fire ignites!
Casting: Conjure Flame (safe; 1% risk of failure)
Confirm with . or Enter, or press ? or * to list all spells.
Aiming: Conjure Flame (safe; 1% risk of failure)
Press: ? - help, Dir - move target cursor The fire ignites!
Okay, then.
Okay, then.
Okay, then.
Press: ? - help, v - describe, . - travel
Here: a black mamba (moderately wounded)
The floor.
Casting: Conjure Flame (safe; 1% risk of failure)
Confirm with . or Enter, or press ? or * to list all spells.
Okay, then.
You hit the black mamba but do no damage.
The black mamba is moderately wounded.
The black mamba bites you!
You die...

..........†...>...............
###P..†##.#....#.#............
##....##.....###............
#...###.....# #..............
#...####....# #...............
#....###....###...............
#...#.##......................
#..............§..............
#............@S§..............
#..^........###...............
#...........###...............
##....###.....##...P..#........
#P....# #..........####.....###
##....###..........# #...S.####
#....##...........###.........
##....#.#..........#.##......§.
#P..........#.###............S.


You could see a black mamba.

Vanquished Creatures
  Harold (D:8)
  3 two-headed ogres
  A komodo dragon (D:8)
  3 blink frogs
  A wyvern (D:8)
  A yak (D:8)
  A basilisk (Lair:1)
  Grum (D:8)
  A hungry ghost (D:8)
  2 porcupines
  2 phantoms
  2 ogres
  4 wolves
  5 centaurs
  2 crocodiles
  Blork the orc (D:6)
  4 bullfrogs
  10 killer bees
  5 wights (D:8)
  5 howler monkeys
  2 bullfrog zombies
  A crimson imp (D:5)
  A jelly (D:7)
  An orc priest (D:3)
  4 hounds
  10 orc wizards
  Natasha (D:3)
  4 worker ants
  A killer bee zombie (D:7)
  A hound zombie (D:7)
  A hound skeleton (D:4)
  Robin (D:3)
  6 gnolls
  A howler monkey skeleton (D:5)
  A worker ant zombie (D:8)
  5 adders
  2 shadow imps
  An ooze (D:1)
  An adder skeleton (D:5)
  4 worms
  A dart slug (D:1)
  2 leopard geckos (D:7)
  15 orcs
  2 ball pythons (D:1)
  A giant cockroach (D:2)
  19 goblins
  6 hobgoblins
  9 jackals
  6 kobolds
  4 quokkas
  6 bats
  5 frilled lizards
  A jackal zombie (D:7)
  6 rats
187 creatures vanquished.

Vanquished Creatures (collateral kills)
  A blink frog (Lair:1)
  A hippogriff (D:7)
  An ice beast (D:7)
  2 ogres
  An orc wizard (D:4)
  2 worker ants
  A hound zombie (D:7)
  A worm (D:4)
  An orc (D:8)
11 creatures vanquished.

Grand Total: 198 creatures vanquished

Notes
Turn   | Place    | Note
-------+----------+-------------------------------------------
     0 | D:1      | Barrydekale the Deep Elf Wizard began the quest for the
                  | Orb.
     0 | D:1      | Reached XP level 1. HP: 10/10 MP: 7/7
   597 | D:1      | Reached XP level 2. HP: 5/16 MP: 3/9
  1298 | D:1      | Reached skill level 3 in Dodging
  1298 | D:1      | Reached XP level 3. HP: 20/20 MP: 4/11
  1636 | D:2      | Reached skill level 1 in Fighting
  1835 | D:1      | Reached skill level 5 in Spellcasting
  2315 | D:2      | Reached XP level 4. HP: 25/25 MP: 5/13
  2319 | D:2      | Learned a level 2 spell: Call Imp
  2323 | D:2      | Learned a level 3 spell: Mephitic Cloud
  2327 | D:2      | Learned a level 3 spell: Conjure Flame
  2330 | D:2      | Learned a level 2 spell: Blink
  2955 | D:3      | Noticed Ijyb
  3221 | D:3      | Noticed an ice beast
  3395 | D:3      | Found a sacrificial altar of Ru.
  3437 | D:3      | Found a shimmering blue altar of Sif Muna.
  3437 | D:3      | Found a sparkling altar of Nemelex Xobeh.
  3458 | D:3      | Became a worshipper of Sif Muna the Loreminder
  3798 | D:3      | Found an opulent altar of Gozag.
  3806 | D:3      | Found a glowing silver altar of Zin.
  3928 | D:3      | Noticed an ogre
  4008 | D:3      | Reached XP level 5. HP: 28/30 MP: 10/14
  4197 | D:3      | Killed an ogre
  4197 | D:3      | Reached skill level 4 in Dodging
  4442 | D:3      | Noticed Robin
  4680 | D:3      | Killed Robin
  4729 | D:3      | Reached * piety under Sif Muna
  4876 | D:3      | Noticed Natasha
  4882 | D:3      | Killed Natasha
  5362 | D:4      | Noticed an ogre
  5370 | D:4      | Killed an ogre
  5370 | D:4      | Reached skill level 1 in Fire Magic
  5370 | D:4      | Reached skill level 1 in Poison Magic
  5370 | D:4      | Reached XP level 6. HP: 35/35 MP: 3/15
  5375 | D:4      | Reached skill level 1 in Air Magic
  6423 | D:4      | Reached skill level 5 in Dodging
  7181 | D:5      | Entered Level 5 of the Dungeon
  7193 | D:5      | Reached XP level 7. HP: 40/40 MP: 2/16
  7408 | D:5      | Found Olerear's Distillery.
  7413 | D:5      | Bought a potion of curing for 30 gold pieces
  7413 | D:5      | Bought a potion of brilliance for 40 gold pieces
  7413 | D:5      | Bought a potion of resistance for 100 gold pieces
  7496 | D:5      | Found a glowing golden altar of the Shining One.
  7544 | D:5      | Found Taanaruo's Antique Armour Shop.
  7677 | D:5      | Reached skill level 6 in Dodging
  7677 | D:5      | Reached skill level 5 in Conjurations
  8240 | D:5      | Reached XP level 8. HP: 46/48 MP: 9/17
  8253 | D:5      | Found Icaimp's Antique Armour Shop.
  8362 | D:5      | Found Qanki's Magic Scroll Shoppe.
  8371 | D:5      | Bought a scroll of identify for 26 gold pieces
  8371 | D:5      | Bought a scroll of teleportation for 39 gold pieces
  8544 | D:5      | Found Ify Tovu's Gadget Shop.
  8845 | D:6      | Noticed Blork the orc
  8866 | D:6      | Killed Blork the orc
  9014 | D:6      | Found a snail-covered altar of Cheibriados.
  9122 | D:6      | Found an ornate altar of the Wu Jian Council.
  9215 | D:6      | Reached skill level 7 in Dodging
  9265 | D:6      | Found a staircase to the Ecumenical Temple.
  9742 | D:7      | Noticed a hippogriff
 10228 | D:7      | Found a shimmering altar of Xom.
 10365 | D:7      | Learned a level 3 spell: Regeneration
 10368 | D:7      | Learned a level 2 spell: Shroud of Golubria
 10555 | D:7      | Reached skill level 1 in Charms
 10608 | D:7      | Reached skill level 1 in Necromancy
 10611 | D:7      | Reached skill level 5 in Fighting
 10689 | D:7      | Reached ** piety under Sif Muna
 10719 | D:7      | Reached XP level 9. HP: 14/54 MP: 1/20
 10771 | D:7      | Found Womoy's Food Boutique.
 11255 | D:7      | Reached skill level 11 in Dodging
 11255 | D:7      | Reached XP level 10. HP: 61/61 MP: 18/25
 11596 | D:7      | Found a bloodstained altar of Trog.
 11643 | D:7      | Found a stormy altar of Qazlal.
 11644 | D:7      | Found a hide-covered altar of Uskayaw.
 12153 | D:8      | Noticed a two-headed ogre
 12261 | D:8      | Noticed Harold
 12942 | D:8      | Found a staircase to the Lair.
 13286 | D:8      | Noticed a two-headed ogre
 13544 | D:8      | Killed a two-headed ogre
 13965 | D:8      | Noticed Grum
 14145 | D:8      | Found a shadowy altar of Dithmenos.
 14149 | D:8      | Found an ancient bone altar of Kikubaaqudgha.
 14319 | D:7      | Reached skill level 10 in Spellcasting
 14537 | D:7      | Killed a two-headed ogre
 14764 | D:8      | Killed Grum
 14878 | D:8      | Killed Harold
 14878 | D:8      | Reached skill level 5 in Stealth
 15263 | Lair:1   | Entered Level 1 of the Lair of Beasts
 15427 | D:8      | Reached XP level 11. HP: 39/67 MP: 5/27
 15903 | D:9      | Noticed a two-headed ogre
 15945 | D:9      | Killed a two-headed ogre
 15945 | D:9      | Reached skill level 1 in Armour
 16831 | Lair:1   | HP: 3/68 [white imp/puff of frost[the player character]
                  | (12)]
 16840 | Lair:1   | Slain by a black mamba

Levels and vault maps discovered:
D:1:      kilobyte_arrival_exit_the_forest, layout_basic,
          hangedman_decor_clover_reticule
D:2:      layout_rooms
D:3:      layout_loops_corners, grunt_temple_overflow_gold_and_silver,
          grunt_temple_overflow_open, uniq_robin, uniq_natasha, uniq_ijyb
D:4:      layout_layer_cave
D:5:      layout_gridville, tso_metal_star, first_ration, serial_shops, shop,
          shop, shop, nicolae_shop_waterfront, shop, minmay_manual_mares
D:6:      layout_loops_ring, lemuel_crystal_altar, kennysheep_mini_moat,
          minmay_temple_entry_mini_moons, uniq_blork_the_orc
D:7:      layout_layer_cave, gammafunk_temple_overflow_forgotten, serial_shops,
          nicolae_shop_waterfront, basic_altar
D:8:      layout_loops_ring, nicolae_overflow_hidden_temple, lair_entry_dummy,
          uniq_grum, uniq_harold
D:9:      layout_basic, special_room [special_room_bee], serial_curves,
          eino_curves_02, eino_curves_04, uniq_psyche
Lair:1:   layout_small_grid

Skill      XL: |  1  2  3  4  5  6  7  8  9 10 11 |
---------------+----------------------------------+-----
Dodging        | 3 4 5 6 7 11 | 11.2
Fighting       | 1 2 3 5 6 7 8 |  8.0
Conjurations   | 2 3 4 5 6 8 9 |  9.9
Spellcasting   | 5 6 9 10 | 10.0
Summonings     | 2 |  2.2
Fire Magic     | 1 |  1.0
Poison Magic   | 1 |  1.0
Air Magic      | 1 |  1.0
Charms         | 2 3 |  3.0
Necromancy     | 2 3 |  3.0
Stealth        | 5 6 |  6.0
Armour         | 2 |  2.2
Translocations | |  1.1

Action                   |  1- 3 |  4- 6 |  7- 9 | 10-12 || total
-------------------------+-------+-------+-------+-------++-------
Melee: Unarmed           |     2 |       |       |       ||     2
       Short sword       |     1 |    20 |     7 |       ||    28
       Spear             |       |       |       |     7 ||     7
       Dagger            |       |       |       |     1 ||     1
Throw: Throwing net      |       |       |       |     1 ||     1
 Cast: Magic Dart        |    78 |   210 |   245 |   294 ||   827
       Conjure Flame     |       |     7 |     3 |    41 ||    51
       Mephitic Cloud    |       |     4 |    17 |    49 ||    70
       Call Imp          |       |    15 |       |    50 ||    65
       Blink             |       |       |       |     5 ||     5
       Shroud of Golubri |       |       |       |     4 ||     4
       Regeneration      |       |       |       |     3 ||     3
  Use: Scroll            |       |     6 |     9 |     3 ||    18
       Potion            |       |       |     1 |     2 ||     3
 Stab: Sleeping          |     1 |     2 |       |       ||     3
       Confused          |       |       |     1 |       ||     1
  Eat: Chunk             |     4 |    13 |     8 |    11 ||    36
       Ration            |       |     1 |     1 |     2 ||     4
Armor: Robe              |     2 |    10 |    12 |    22 ||    46
Dodge: Dodged            |     8 |    31 |    71 |   223 ||   333

Table legend:
 A = Non-vault XP
 B = Vault XP
 C = Vault XP percentage of total XP
 D = Non-vault monster count
 E = Vault monster count
 F = Vault count percentage of total count
                 A         B        C        D         E       F
            +---------+---------+-------+---------+---------+-------
      Total |    9035 |    2073 |  18.7 |     175 |      23 |  11.6
            +---------+---------+-------+---------+---------+-------
        D:1 |      75 |       0 |   0.0 |      24 |       0 |   0.0
        D:2 |      50 |       2 |   3.8 |      16 |       1 |   5.9
        D:3 |     168 |      68 |  28.8 |      20 |      12 |  37.5
        D:4 |     361 |       0 |   0.0 |      17 |       0 |   0.0
        D:5 |     642 |     201 |  23.8 |      18 |       2 |  10.0
        D:6 |     309 |      94 |  23.3 |       8 |       1 |  11.1
        D:7 |    2200 |     226 |   9.3 |      34 |       2 |   5.6
        D:8 |    2877 |    1419 |  33.0 |      24 |       4 |  14.3
        D:9 |    1188 |      63 |   5.0 |       8 |       1 |  11.1
     Lair:1 |    1165 |       0 |   0.0 |       6 |       0 |   0.0
            +---------+---------+-------+---------+---------+-------
